 Dungeon Crawl Stone Soup version 0.31-a0-590-g8a5a4361df (webtiles) character file.

Game seed: 1103995070405164174

123 CraigForest the Ruffian (level 4, -3/35 HPs)
             Began as a Draconian Shapeshifter on Aug 17, 2023.
             Was a Follower of Lugonu.
             Slain by a gnoll
             ... wielding a +0 spear
             ... led by a gnoll bouda
              (5 damage)
             ... on level 3 of the Dungeon on Aug 20, 2023.
             The game lasted 00:07:17 (2358 turns).

CraigForest the Ruffian (Draconian Shapeshifter)    Turns: 2358, Time: 00:07:18

Health: -3/35      AC:  5    Str: 19    XL:     4   Next: 79%
Magic:  4/4        EV: 12    Int:  8    God:    Lugonu [*.....]
Gold:   140        SH:  0    Dex: 18    Spells: 3/3 levels left

rFire   . .          .
                       - Unarmed
rCold   + . .        (no shield)
rNeg    . . .        (body armour unavailable)
rPois   .            (helmet currently unavailable)
rElec   .            (cloak currently unavailable)
rCorr   .            (gloves currently unavailable)
SInv    .            (boots currently unavailable)
Will    .....        j - amulet of regeneration
Stlth   ++           e - +6 ring of dexterity
HPRegen 1.05/turn    p - ring of protection from cold
MPRegen 0.09/turn

%: no passive effects
@: beast-form
A: beast (slay +2), AC +5, unfitting armour, cold-blooded
a: Begin Untransformation, Renounce Religion, Depart the Abyss


You were on level 3 of the Dungeon.
You worshipped Lugonu.
Lugonu was aware of your devotion.
You were a hulking beast.
You visited 1 branch of the dungeon, and saw 3 of its levels.

You collected 140 gold pieces.

Inventory:

Missiles
 f - 2 poisoned darts
 k - 3 javelins
 l - 2 atropa-tipped darts
 n - 3 boomerangs (quivered)
Magical Staves
 q - a staff of conjuration
Jewellery
 e - a +6 ring of dexterity (left hand)
 g - a ring of magical power
 j - an amulet of regeneration (around neck)
 p - a ring of protection from cold (right hand)
Talismans
 b - a beast talisman (active)
 c - a flux talisman
Scrolls
 r - a scroll of teleportation {unknown}
 s - a scroll of fog
Potions
 a - 2 potions of lignification
 d - 2 potions of curing {unknown}
 h - a potion of brilliance {unknown}
 i - a potion of might {unknown}
 m - 3 potions of magic
 o - a potion of degeneration {unknown}


   Skills:
 + Level 1.1 Fighting
 + Level 2.0 Dodging
 + Level 1.4 Stealth
 + Level 4.5 Unarmed Combat
 + Level 3.6 Shapeshifting


You had 3 spell levels left.
You didn't know any spells.
Your spell library contained the following spells:

 Spells                   Type           Power      Damage    Failure   Level
 Dazzling Flash           Conj/Hex       0%         N/A       78%         3
 Portal Projectile        Hex/Tloc       0%         N/A       78%         3
 Tukima's Dance           Hex            0%         N/A       78%         3
 Volatile Blastmotes      Fire/Tloc      0%         2d10      78%         3
 Iskenderun's Mystic Bla  Conj/Tloc      0%         2d3       99%         4
 Starburst                Conj/Fire      0%         6d3       100%        6
 Maxwell's Capacitive Co  Air            0%         ∞         100%        8


Dungeon Overview and Level Annotations

Branches:
Dungeon (3/15)

Altars:
Kikubaaqudgha
Lugonu


Innate Abilities, Weirdness & Mutations

You are a hulking beast.
Your limbs bulge with bestial killing power. (Slay +2)
Your plain brown scales are hard. (AC +5)
You cannot fit into any form of body armour.
You are cold-blooded and may be slowed by cold attacks.


Message History

You kill the gnoll bouda!
Lugonu accepts your kill.
The gnoll is no longer moving quickly.
The bat barely misses you.
Your Dodging skill increases to level 2!
You barely miss the bat. The bat hits you but does no damage.
You closely miss the bat.
You tail-slap the bat, but do no damage.
The bat hits you but does no damage.
You closely miss the bat. You tail-slap the bat.
You kill the bat!
Lugonu accepts your kill. The gnoll closely misses you.
You punch the gnoll!
You kill the gnoll!
Lugonu accepts your kill.
You hit the gnoll.
Your tail-slap misses the gnoll.
The gnoll is lightly wounded.
The gnoll barely misses you.
You punch the gnoll!
You kill the gnoll!
Lugonu accepts your kill.
You hit the gnoll. Your punch misses the gnoll.
The gnoll is heavily wounded.
The gnoll hits you but does no damage. The gnoll hits you with a +0 flail.
You barely miss the gnoll.
You tail-slap the gnoll, but do no damage.
The gnoll is heavily wounded.
The gnoll hits you from afar with a +0 spear.
The gnoll hits you with a +0 flail!
* * * LOW HITPOINT WARNING * * *
You closely miss the gnoll.
The gnoll is heavily wounded.
The gnoll hits you but does no damage. The gnoll hits you with a +0 flail!
* * * LOW HITPOINT WARNING * * *
Unknown command.
Okay, then.
You completely miss the gnoll.
The gnoll is heavily wounded.
The gnoll hits you from afar with a +0 spear.
You die...

###************
#..,,,,,,,,,,,,
#.#************
####### #.#########
#.....######....(†...#
#.g.#..ggh....######.#
#.Pg###g####.## #.#
#.gb* #.#
#.###***#.#****
#._.**#.#
#.#..,,,...,,,,
#...,,#.#
#.#.#***#.#****
****#.P.*,#.#* #.#.#
#.# *,,,....,,...*
#.#.# #.#
*,****,,,*#..* #.#.##
#.#**** *,* ******,,*
#...)## *,,,,,,


You could see 3 gnolls.

Vanquished Creatures
  A gnoll bouda (D:3)
  2 gnolls (D:3)
  An adder (D:3)
  3 worms
  2 dart slugs
  An orc (D:3)
  2 ball pythons
  6 bats
  6 endoplasms
  A giant cockroach (D:3)
  9 goblins
  3 hobgoblins
  2 jackals (D:3)
  2 quokkas (D:2)
  4 frilled lizards (D:2)
  3 kobolds
  6 rats
54 creatures vanquished.

Notes
Turn   | Place    | Note
-------+----------+-------------------------------------------
     0 | D:1      | CraigForest the Draconian Shapeshifter began the quest for
                  | the Orb.
     0 | D:1      | Reached XP level 1. HP: 16/16 MP: 1/1
   265 | D:1      | Reached XP level 2. HP: 23/23 MP: 2/2
  1060 | D:2      | Reached XP level 3. HP: 27/28 MP: 3/3
  1339 | D:2      | Upgraded the game from 0.31-a0-564-g3b7de120b3 to
                  | 0.31-a0-590-g8a5a4361df
  1993 | D:3      | Found a faded altar of an unknown god.
  2024 | D:3      | Prayed at the altar of an unknown god.
  2024 | D:3      | Became a worshipper of Lugonu the Unformed
  2024 | D:3      | Reached * piety under Lugonu
  2133 | D:3      | Reached skill level 1 in Stealth
  2163 | D:3      | Reached XP level 4. HP: 35/35 MP: 4/4
  2282 | D:3      | Reached skill level 4 in Unarmed Combat
  2329 | D:3      | Found an ancient bone altar of Kikubaaqudgha.
  2357 | D:3      | HP: 1/35 [gnoll/+0 flail[a gnoll bouda] (8)]
  2358 | D:3      | Slain by a gnoll

Illustrated notes

Levels and vault maps discovered:
D:1:      dpeg_arrival_more_subterranean_lakeside_camping, layout_basic,
          chequers_serial_rivers_marsh, minmay_misc_feat_cross,
          chequers_serial_rivers_marsh, minmay_misc_feat_diagonals,
          hangedman_decor_push
D:2:      layout_basic, minmay_misc_feat_enclosed, grunt_decor_fettered
D:3:      layout_loops_ring, mainiacjoe_overflow_tiny_flanked,
          dreamdust_ecumenical_altar_statues

Skill      XL: |  1  2  3  4 |
---------------+-------------+-----
Stealth        | 1 |  1.4
Unarmed Combat | 4 |  4.5
Dodging        | 2 |  2.0
Fighting       | |  1.1
Shapeshifting  | |  3.6

Action                     |  1- 3 |  4- 6 || total
---------------------------+-------+-------++-------
  Melee: Unarmed           |    93 |    29 ||   122
         Tailslap          |     9 |     6 ||    15
         Punch             |     2 |     1 ||     3
    Use: Scroll            |    10 |       ||    10
   Stab: Sleeping          |     5 |     3 ||     8
 Armour: Skin              |    22 |     4 ||    26
  Dodge: Dodged            |    36 |    12 ||    48

Table legend: (Time is in decaauts)
 A = Elapsed time spent in this place.
 B = Non-inter-level travel time spent in this place.
 C = Inter-level travel time spent in this place.
 D = Time resting spent in this place.
 E = Time spent auto-exploring this place.
 F = Levels seen in this place.
 G = Mean time per level.
                   A        B        C        D        E       F      G
               +--------+--------+--------+--------+--------+-----+--------+
         Total |   2353 |   2246 |    107 |     63 |   1745 |   3 |  784.3 |
       Dungeon |   2353 |   2246 |    107 |     63 |   1745 |   3 |  784.3 |
               +--------+--------+--------+--------+--------+-----+--------+

Top non-repeatable levels by time:
     D:2: 1131 daAuts
     D:1: 735 daAuts
     D:3: 487 daAuts
